 Dungeon Sprint DCSS version 0.27.1-33-g824d729ab1 (webtiles) character file.

Game seed: 2003894697878602691

11979 Adenis the Severer (level 11, 0/119 HPs)
             Began as a Minotaur Berserker on Dec 6, 2021.
             Was the Champion of Trog.
             Slain by the 27-headed Lernaean hydra (8 damage)
             ... in the Dungeon (Sprint I: "Red Sonja").
             The game lasted 00:10:19 (4972 turns).

Adenis the Severer (Minotaur Berserker)             Turns: 4972, Time: 00:10:20

Health: 0/119      AC: 18    Str: 25    XL:     11   Next: 56%
Magic:  10/10      EV: 12    Int:  3    God:    Trog [******]
Gold:   1080       SH:  0    Dex: 10    Spells: 10/10 levels left

rFire    + . .     SeeInvis +   u - +8 executioner's axe
rCold    . . .     Faith    .   (shield currently unavailable)
rNeg     + + +     Spirit   .   i - +1 chain mail of the Wheelwright {-Cast rF+ rN++ Stlth+}
rPois    +         Reflect  .   (helmet restricted)
rElec    .         Harm     .   r - +2 ratskin cloak {*Rats rPois rN+ Str-1 Int-1 Dex+1}
rCorr    .         Rampage  .   (no gloves)
Will     .....     NoTele   +   (no boots) Stlth ..........NoCast +
                                (no amulet)
HPRegen  0.29/turn              k - ring of see invisible
MPRegen  0.12/turn              (no ring)

@: on berserk cooldown, slowed, very slow
A: horns 2, retaliatory headbutt
a: Renounce Religion, Berserk, Trog's Hand, Brothers in Arms


You were in the Dungeon.
You worshipped Trog.
Trog was exalted by your worship.
You visited 1 branch You collected 2141 gold pieces.
You spent 1061 gold pieces at shops.

Inventory:

Hand Weapons
 a - a +0 hand axe
 m - a +2 battleaxe
 n - a +4 hand axe of flaming
 q - the +6 war axe of the Lumpy Ships {freeze, Dex+4}
   (You bought it in a shop in the Dungeon)

   It freezes those it strikes, dealing additional cold damage.
   It can also slow down cold-blooded creatures.
   Dex:       It affects your dexterity (+4).
 u - a +8 executioner's axe (weapon)
Armour
 b - a +0 animal skin
 i - the +1 chain mail of the Wheelwright (worn) {-Cast rF+ rN++ Stlth+}
   (You found it in the Dungeon)

   rF:        It protects you from fire.
   rN:        It greatly protects you from negative energy.
   -Cast:     It prevents spellcasting.
   Stlth:     It makes you more stealthy.
 r - the +2 ratskin cloak (worn) {*Rats rPois rN+ Str-1 Int-1 Dex+1}
   (You bought it in a shop in the Dungeon)

   When the wearer is hurt, rats may emerge from it to assist them.
   Str:       It affects your strength (-1).
   Int:       It affects your intelligence (-1).
   Dex:       It affects your dexterity (+1).
   rPois:     It protects you from poison.
   rN:        It protects you from negative energy.
Jewellery
 k - a ring of see invisible (left hand)
Wands
 s - a wand of iceblast (9)
Scrolls
 j - a scroll of identify {unknown}
 o - a scroll of fear {unknown}
 t - a scroll of enchant armour {unknown}
Potions
 c - 3 potions of curing
 d - a potion of heal wounds
 e - a potion of haste
 f - 2 potions of magic
 g - a potion of berserk rage
 l - a potion of ambrosia {unknown}
Miscellaneous
 p - a phial of floods


   Skills:
 + Level 18.1 Fighting
 + Level 19.6 Axes
 + Level 16.2 Armour
 + Level 9.3 Dodging
 + Level 4.7 Stealth


You had 10 spell levels left.
You didn't know any spells.
Your spell library was empty.

Dungeon Overview and Level Annotations

Branches:
Dungeon (1/1)

Altars:
Cheibriados
Dithmenos
Elyvilon
Fedhas
Gozag
Hepliaklqana
Kikubaaqudgha
Makhleb
Nemelex Xobeh
Okawaru
Qazlal
Ru
Sif Muna
Trog
Uskayaw
Vehumet
Wu Jian
Xom
Yredelemnul
Zin
The Shining One
Jiyva
Lugonu

Shops:
D !(*[:((*(*!(!**[[

Annotations:
D exclusion: oklob plant, Lernaean hydra


Innate Abilities, Weirdness & Mutations

You have a pair of horns on your head.
You reflexively headbutt those who attack you in melee.


Message History

[Y]es or [N]o only, please.
Really walk into a travel-excluded area? [Y]es or [N]o only, please.
Really walk into a travel-excluded area? [Y]es or [N]o only, please.
Really walk into a travel-excluded area?
Okay, then.
The shadow strikes at your river rat from the darkness!
Your river rat dies!
You feel your anger nearly subside.
You are no longer berserk.
You are exhausted.
You feel yourself slow down.
The 27-headed Lernaean hydra comes into view.
Found 54 gold pieces.
The 27-headed Lernaean hydra roars deafeningly!
The shadow hits you.
Your unstable footing causes you to fumble your attack.
The shadow slips into darkness.
The shadow flickers and vanishes for a moment.
The shadow hits you.
You carve the shadow like a ham!!!
You destroy the shadow!
The shadow disappears in a puff of smoke!
The 27-headed Lernaean hydra bites you but does no damage.
The 27-headed Lernaean hydra bites you.
The 27-headed Lernaean hydra bites you but does no damage.
The 27-headed Lernaean hydra bites you! x2
* * * LOW HITPOINT WARNING * * *
The 27-headed Lernaean hydra bites you.
* * * LOW HITPOINT WARNING * * *
The 27-headed Lernaean hydra bites you.
* * * LOW HITPOINT WARNING * * *
The 27-headed Lernaean hydra bites you!
* * * LOW HITPOINT WARNING * * *
The 27-headed Lernaean hydra bites you.
* * * LOW HITPOINT WARNING * * *
The 27-headed Lernaean hydra bites you.
* * * LOW HITPOINT WARNING * * *
The 27-headed Lernaean hydra bites you!
You die...

##
###..≈#.§.§.
#
P≈..##§§§.§^
M≈..#§§§§§D".
###..# .:D..
+..# ^.^...
##'## #≈≈≈##
#≈§≈≈##
#≈@D≈≈#
##≈≈≈≈#
#'≈≈≈'≈≈.
$##≈≈#≈≈≈ $
#####' $$ ##


You could see the 27-headed Lernaean hydra.

Vanquished Creatures
  A hydra (D)
  2 centaur warriors (D)
  Sonja (D)
  A deep troll (D)
  A lindwurm (D)
  An oklob plant (D)
  2 merfolk sirens (D)
  A gargoyle (D)
  2 unseen horrors (D)
  4 demonic crawlers (D)
  2 kobold demonologists (D)
  A hellwing (D)
  5 hornets (D)
  A slime creature (D)
  Sigmund (D)
  2 redbacks (D)
  A yak (D)
  13 hogs (D)
  3 floating eyes (D)
  7 necrophages (D)
  An ogre (D)
  8 jellies (D)
  Ijyb (D)
62 creatures vanquished.

Vanquished Creatures (others)
  A gargoyle (D)
  2 ballistomycete spores (D)
3 creatures vanquished.

Grand Total: 65 creatures vanquished

Notes
Turn   | Place    | Note
-------+----------+-------------------------------------------
     0 | D        | Adenis the Minotaur Berserker began the quest for the Orb.
     0 | D        | Reached XP level 1. HP: 19/19 MP: 0/0
     2 | D        | Noticed Ijyb
     8 | D        | Killed Ijyb
     9 | D        | Reached skill level 5 in Fighting
     9 | D        | Reached skill level 5 in Axes
     9 | D        | Reached XP level 2. HP: 29/29 MP: 1/1
    50 | D        | Noticed an ogre
    54 | D        | Killed an ogre
    55 | D        | Reached skill level 7 in Axes
    55 | D        | Reached XP level 3. HP: 24/40 MP: 2/2
    55 | D        | Reached XP level 4. HP: 29/48 MP: 3/3
   395 | D        | Noticed Sigmund
   402 | D        | Killed Sigmund
   402 | D        | Reached ** piety under Trog
   403 | D        | Reached skill level 10 in Axes
   403 | D        | Reached skill level 5 in Armour
   403 | D        | Reached XP level 5. HP: 58/58 MP: 4/4
   403 | D        | Reached XP level 6. HP: 66/66 MP: 5/5
   629 | D        | Found a burning altar of Makhleb.
   629 | D        | Found a viscous altar of Jiyva.
   629 | D        | Found a shimmering altar of Xom.
   629 | D        | Found a corrupted altar of Lugonu.
   629 | D        | Noticed a slime creature
   636 | D        | Killed a slime creature
   637 | D        | Reached skill level 11 in Axes
   637 | D        | Reached skill level 5 in Dodging
   637 | D        | Reached skill level 1 in Stealth
   645 | D        | Killed a gargoyle
   680 | D        | Found an ornate altar of the Wu Jian Council.
   680 | D        | Found a shimmering blue altar of Sif Muna.
   682 | D        | Found a radiant altar of Vehumet.
   683 | D        | Identified the +1 chain mail of the Wheelwright {-Cast rF+
                  | rN++ Stlth+}
   836 | D        | Found Rogongoa's Antique Weapon Emporium.
   836 | D        | Found an ancient bone altar of Kikubaaqudgha.
   836 | D        | Found a hazy altar of Hepliaklqana.
   836 | D        | Found a stormy altar of Qazlal.
   836 | D        | Found a hide-covered altar of Uskayaw.
   836 | D        | Found a blossoming altar of Fedhas.
   836 | D        | Found a bloodstained altar of Trog.
   836 | D        | Found an iron altar of Okawaru.
   836 | D        | Found a basalt altar of Yredelemnul.
   836 | D        | Found a glowing golden altar of the Shining One.
   836 | D        | Found a snail-covered altar of Cheibriados.
   836 | D        | Found a sacrificial altar of Ru.
   836 | D        | Found a glowing silver altar of Zin.
   836 | D        | Found a shadowy altar of Dithmenos.
   836 | D        | Found a white marble altar of Elyvilon.
   836 | D        | Noticed a yak
   842 | D        | Killed a yak
   843 | D        | Reached skill level 12 in Axes
   843 | D        | Reached XP level 7. HP: 75/75 MP: 6/6
   843 | D        | Found an opulent altar of Gozag.
   844 | D        | Found a sparkling altar of Nemelex Xobeh.
   933 | D        | Noticed a kobold demonologist
   933 | D        | Noticed a kobold demonologist
   934 | D        | Paralysed by a floating eye for 4 turns
   940 | D        | Reached *** piety under Trog
   943 | D        | Noticed a hellwing
   944 | D        | Noticed a sixfirhy
   944 | D        | Killed a kobold demonologist
   945 | D        | Reached skill level 13 in Axes
   950 | D        | Noticed an ice devil
   951 | D        | Killed a kobold demonologist
   951 | D        | Reached **** piety under Trog
   952 | D        | Reached XP level 8. HP: 86/86 MP: 7/7
  1151 | D        | Noticed a centaur warrior
  1154 | D        | Noticed a centaur warrior
  1164 | D        | Killed a centaur warrior
  1165 | D        | Reached skill level 14 in Axes
  1165 | D        | Killed a centaur warrior
  1166 | D        | Reached skill level 15 in Axes
  1166 | D        | Reached XP level 9. HP: 59/96 MP: 8/8
  1530 | D        | Noticed a deep troll
  1537 | D        | Killed a deep troll
  1538 | D        | Reached skill level 15 in Fighting
  1538 | D        | Reached skill level 16 in Axes
  1538 | D        | Reached skill level 10 in Armour
  1550 | D        | Found Kotaf's Armour Emporium.
  1768 | D        | Paralysed by a hornet for 2 turns
  2042 | D        | Noticed an oklob plant
  2049 | D        | Killed an oklob plant
  2049 | D        | Reached ***** piety under Trog
  2543 | D        | Reached XP level 10. HP: 95/106 MP: 9/9
  2911 | D        | Received a gift from Trog
  2926 | D        | HP: 7/160 [acid (4)]
  3307 | D        | Reached ****** piety under Trog
  3308 | D        | Reached skill level 17 in Axes
  3311 | D        | Received a gift from Trog
  3321 | D        | Identified the +1 mace "Kekui" {flame, Dex+2}
  3339 | D        | Found Yfaonats's Antique Armour Shoppe.
  3339 | D        | Found Nicegem's General Store.
  3339 | D        | Found Zowis's Book Boutique.
  3341 | D        | Found Pyly's Weapon Emporium.
  3341 | D        | Found Nanedurha's Antique Weapon Shop.
  3341 | D        | Found Abrahit's General Store.
  3341 | D        | Found Illigh's Weapon Boutique.
  3341 | D        | Found Dorhaz's Assorted Antiques.
  3341 | D        | Found Yngiwnim's Distillery.
  3341 | D        | Found Erryovat's Antique Weapon Shoppe.
  3343 | D        | Bought the +6 war axe of the Lumpy Ships {freeze, Dex+4}
                  | for 672 gold pieces
  3346 | D        | Found Curoit's Distillery.
  3347 | D        | Found Zengoklo's General Store.
  3347 | D        | Found Caogye's General Store.
  3348 | D        | Found Faca's Armour Emporium.
  3357 | D        | Bought the +2 ratskin cloak {*Rats rPois rN+ Str-1 Int-1
                  | Dex+1} for 389 gold pieces
  3357 | D        | Found the +2 ratskin cloak {*Rats rPois rN+ Str-1 Int-1
                  | Dex+1}
  3413 | D        | Noticed Sonja
  3418 | D        | Killed Sonja
  3432 | D        | Found Boit's Distillery.
  3741 | D        | Noticed a gargoyle
  3748 | D        | Killed a gargoyle
  3748 | D        | Received a gift from Trog
  3899 | D        | Noticed a lindwurm
  3904 | D        | Killed a lindwurm
  3905 | D        | Reached skill level 18 in Axes
  3905 | D        | Reached XP level 11. HP: 115/117 MP: 10/10
  4023 | D        | Reached skill level 15 in Armour
  4031 | D        | Received a gift from Trog
  4295 | D        | Noticed a 12-headed hydra
  4298 | D        | Killed a 14-headed hydra
  4298 | D        | Paralysed by a floating eye for 4 turns
  4304 | D        | Reached skill level 19 in Axes
  4605 | D        | Noticed a deep elf annihilator
  4608 | D        | Identified the +4 hand axe "Zeigg" {vorpal, rPois} (Trog
                  | gifted it to you in the Dungeon)
  4608 | D        | Received a gift from Trog
  4611 | D        | Paralysed by a hornet for 1 turns
  4938 | D        | Noticed a shadow dragon
  4938 | D        | Noticed a golden dragon
  4956 | D        | Noticed a mummy priest
  4958 | D        | Noticed an oklob plant
  4970 | D        | Noticed the 27-headed Lernaean hydra
  4972 | D        | Slain by the 27-headed Lernaean hydra

Illustrated notes

Levels and vault maps discovered:
D:        dungeon_sprint_1 [red_sonja_temple_1, red_sonja_temple_small_1]

Skill      XL: |  1  2  3  4  5  6  7  8  9 10 11 |
---------------+----------------------------------+-----
Fighting       | 5 7 9 11 13 14 15 17 18 | 18.1
Axes           | 5 7 10 12 13 15 16 18 19 | 19.6
Armour         | 3 4 5 6 8 9 11 14 16 | 16.2
Dodging        | 3 4 6 7 8 9 |  9.3
Stealth        | 1 2 3 4 |  4.7

Action                   |  1- 3 |  4- 6 |  7- 9 | 10-12 || total
-------------------------+-------+-------+-------+-------++-------
Melee: Hand axe          |     7 |    15 |    53 |    31 ||   106
       Headbutt          |     2 |     5 |    13 |    29 ||    49
       War axe           |       |       |       |    50 ||    50
       Battleaxe         |       |       |       |     9 ||     9
       Executioner's axe |       |       |       |    23 ||    23
Invok: Berserk           |     2 |     4 |     6 |     9 ||    21
  Use: Scroll            |       |       |       |     1 ||     1
       Potion            |       |       |       |     1 ||     1
Armor: Chain mail        |       |     1 |    36 |    71 ||   108
       Animal skin       |       |     1 |       |       ||     1
Dodge: Dodged            |     1 |     5 |    29 |    64 ||    99
